 Dungeon Crawl Stone Soup version 0.27-a0-1187-ge80a49f48c (webtiles) character file.

Game seed: 13047920587837111251

7651 EldarEldrad the Cleaver (level 10, -12/83 HPs)
             Began as a Minotaur Berserker on May 20, 2021.
             Was a Priest of Trog.
             Mangled by a cane toad (15 damage)
             ... on level 1 of the Lair of Beasts.
             The game lasted 00:45:10 (11851 turns).

EldarEldrad the Cleaver (Minotaur Berserker)       Turns: 11851, Time: 00:45:11

Health: -12/83     AC: 14    Str: 31    XL:     10   Next: 99%
Magic:  0/9        EV: 11    Int:  1    God:    Trog [***...]
Gold:   12         SH:  0    Dex: 10    Spells: 9/9 levels left

rFire    + + .     SeeInvis .   a - +6 broad axe of Heb Xoec {venom, rF+ Str+6 Int-3}
rCold    + . .     Faith    .   x - +0 buckler
rNeg     . . .     Spirit   +   q - +4 ring mail {rF+}
rPois    .         Reflect  .   (helmet restricted)
rElec    .         Harm     .   i - +2 cloak
rCorr    .         Rampage  .   (no gloves)
Will     ++...                  (no boots)
Stlth    ..........             C - amulet of guardian spirit
HPRegen  1.23/turn              f - ring of protection from cold
MPRegen  0.11/turn              d - ring of flight

@: confused, lethally poisoned (-12 -> -14), ambrosia-drunk, strong-willed,
flying, regenerating
A: horns 2, retaliatory headbutt
a: Renounce Religion, Berserk, Trog's Hand


You were on level 1 of the Lair of Beasts.
You worshipped Trog.
Trog was most pleased with you.
You visited 3 branches of the dungeon, and saw 11 of its levels.
You also visited: Ossuary.

You collected 1160 gold pieces.
You spent 1148 gold pieces at shops.

Inventory:

Hand Weapons
 a - the +6 broad axe of Heb Xoec (weapon) {venom, rF+ Str+6 Int-3}
   (You acquired it on level 7 of the Dungeon)

   It poisons the flesh of those it strikes.
   It affects your strength (+6).
   It affects your intelligence (-3).
   It protects you from fire.
 b - a +1 mace of holy wrath
Missiles
 y - 12 poisoned darts (quivered)
Armour
 i - a +2 cloak (worn)
 p - a +2 kite shield of protection
 q - a +4 ring mail of fire resistance (worn)
 x - a +0 buckler (worn)
 J - the +5 plate armour of Festooned Liberty {Rampage Slay+2}
   (You took it off an orc warrior on level 9 of the Dungeon)

   It affects your accuracy and damage with ranged weapons and melee attacks
   (+2).
   It bestows one free step when moving towards enemies.
Jewellery
 d - a ring of flight (right hand)
 f - a ring of protection from cold (left hand)
 B - a ring of fire
 C - an amulet of guardian spirit (around neck)
Wands
 o - a wand of iceblast (18)
 D - a wand of acid (1)
 K - a wand of mindburst (27)
Scrolls
 c - 3 scrolls of blinking
 g - 3 scrolls of enchant armour
 h - 3 scrolls of noise
 m - a scroll of summoning {unknown}
 n - 6 scrolls of teleportation
 s - 3 scrolls of fog
 v - 2 scrolls of enchant weapon {unknown}
 w - 2 scrolls of magic mapping
 E - 2 scrolls of holy word
 F - 2 scrolls of fear
 I - a scroll of silence {unknown}
Potions
 e - 3 potions of curing
 k - 2 potions of cancellation
 r - 3 potions of attraction
 t - a potion of haste
 u - 2 potions of might
 A - 2 potions of mutation
 G - 2 potions of lignification


   Skills:
 + Level 6.2 Fighting
 + Level 14.3 Axes
 - Level 5.0 Throwing
 * Level 8.8 Armour
 - Level 2.1 Dodging
 - Level 4.0 Shields
 - Level 5.0 Evocations


You had 9 spell levels left.
You didn't know any spells.
Your spell library was empty.

Dungeon Overview and Level Annotations

Branches:
Dungeon (9/15)             Temple (1/1) D:4            Lair (1/6) D:9
Ossuary (visited)
    Orc: D:9-12

Altars:
Ashenzari
Cheibriados
Dithmenos
Elyvilon
Fedhas
Gozag
Hepliaklqana
Kikubaaqudgha
Makhleb
Nemelex Xobeh
Okawaru
Qazlal
Sif Muna
Uskayaw
Wu Jian
Xom
Yredelemnul
Zin
The Shining One
Jiyva

Shops:
D:2 =   D:7 ??[

Annotations:
D:1 digging
D:6 5 runed translucent doors
D:9 3 runed translucent doors, Sensen's ghost, novice GrEE


Innate Abilities, Weirdness & Mutations

You have a pair of horns on your head.
You reflexively headbutt those who attack you in melee.


Message History

You kill the wyvern!
Trog accepts your kill.
You hit the black mamba but do no damage.
You feel very sick. The black mamba bites you.
You are more poisoned.
The black mamba poisons you! The black mamba barely misses you.
You barely miss the cane toad. You closely miss the black mamba.
You feel extremely sick. The black mamba bites you.
You are lethally poisoned!
The black mamba poisons you! The cane toad stings you!
* * * LOW HITPOINT WARNING * * *
You feel better.
The black mamba bites you but does no damage.
The cane toad stings you.
The black mamba bites you but does no damage.
Your skin crawls.
You feel strong-willed.
You can no longer call in reinforcements.
The black mamba bites you but does no damage.
You block the cane toad's attack. The black mamba bites you!
* * * LOW HITPOINT WARNING * * *
You are poisoned.
The black mamba poisons you! The cane toad barely misses you.
You miss the black mamba.
The black mamba is almost dead.
You closely miss the cane toad.
You feel very sick. The black mamba bites you!
* * * LOW HITPOINT WARNING * * *
The cane toad stings you.
* * * LOW HITPOINT WARNING * * *
The black mamba barely misses you. You furiously retaliate!
You headbutt the black mamba!
You are confused.
You feel invigorated.
You feel sick. The black mamba bites you!
* * * LOW HITPOINT WARNING * * *
The cane toad stings you!
You die...

#(.......... ......
#..##.###.### .....
##....†...... ....
#..##.†#.#.## ... .#
##........... .. ...
#.......##.####.###...
#<............†.......
#..##.####..#FS##..#
#.###..##P.##.@#.#.####
#......................
##.#.#P..P##..........#
#...####.####.........##
#.......................
##.#.##.#.#.##..#..#....
##.............(........
#P.##..###..####...#.#..
##......................


You could see a black mamba and a cane toad.

Vanquished Creatures
  Harold (D:7)
  3 death yaks (D:9)
  An ice statue (D:9)
  A komodo dragon (Lair:1)
  A troll (D:9)
  A hornet (D:9)
  A wyvern (Lair:1)
  The ghost of Narqulie the Skirmisher, an amateur PaFi (D:3)
  A basilisk (Lair:1)
  A steam dragon (D:9)
  3 water moccasins
  Duvessa (D:4)
  3 ice beasts
  5 orc warriors
  2 sky beasts (D:5)
  2 ogres
  A centaur (D:9)
  Blork the orc (D:5)
  4 bullfrogs
  2 scorpions (D:5)
  Dowan (D:4)
  2 water moccasin skeletons
  6 wights
  A howler monkey (D:8)
  7 orc priests
  Crazy Yiuf (D:3)
  2 hounds
  3 bullfrog skeletons
  A centaur skeleton (D:7)
  Terence (D:2)
  6 iguanas
  7 orc wizards
  A hell rat (D:9)
  A hound zombie (D:5)
  11 mummies (Ossuary)
  Robin (D:4)
  7 gnolls
  A howler monkey skeleton (D:6)
  2 river rats (D:9)
  9 adders
  A white imp (D:5)
  An adder skeleton (D:4)
  A worm (D:2)
  23 orcs
  2 ball pythons
  4 bats
  9 endoplasms
  2 giant cockroaches
  8 hobgoblins
  19 jackals
  9 quokkas
  9 frilled lizards
  A gnoll skeleton (Ossuary)
  12 goblins
  4 goblin skeletons (Ossuary)
  5 kobolds
  A kobold skeleton (Ossuary)
  2 orc skeletons (Ossuary)
  5 rats
  11 rat skeletons (Ossuary)
236 creatures vanquished.

Vanquished Creatures (others)
  A fungus (Lair:1)
1 creature vanquished.

Grand Total: 237 creatures vanquished

Notes
Turn   | Place    | Note
-------+----------+-------------------------------------------
     0 | D:1      | EldarEldrad the Minotaur Berserker began the quest for the
                  | Orb.
     0 | D:1      | Reached XP level 1. HP: 19/19 MP: 0/0
   420 | D:1      | Reached skill level 4 in Axes
   463 | D:1      | Reached XP level 2. HP: 27/27 MP: 1/1
   526 | D:1      | You fall into a shaft and drop 1 floor!
   631 | D:1      | Reached ** piety under Trog
   913 | D:1      | Reached XP level 3. HP: 33/33 MP: 2/2
  1068 | D:2      | Reached skill level 5 in Axes
  1372 | D:2      | Noticed Terence
  1379 | D:2      | Killed Terence
  1380 | D:2      | Reached XP level 4. HP: 41/41 MP: 3/3
  1584 | D:2      | Found Giger's Jewellery Boutique.
  2166 | D:3      | Found a transporter.
  2166 | D:3      | Noticed Narqulie's ghost (amateur PaFi)
  2384 | D:3      | Reached skill level 6 in Axes
  2415 | D:3      | Reached XP level 5. HP: 40/47 MP: 4/4
  2514 | D:3      | Reached skill level 5 in Fighting
  2558 | D:3      | Found a faded altar of an unknown god.
  2638 | D:3      | Found a runed translucent door.
  2639 | D:3      | Noticed Crazy Yiuf
  2799 | D:3      | Found a transporter.
  3107 | D:3      | Killed Crazy Yiuf
  3348 | D:4      | Noticed Robin
  3463 | D:4      | Reached *** piety under Trog
  3537 | D:4      | Reached skill level 7 in Axes
  3538 | D:4      | Killed Robin
  3693 | D:4      | Reached XP level 6. HP: 56/56 MP: 5/5
  4021 | D:4      | Reached skill level 8 in Axes
  4227 | D:4      | Noticed Dowan
  4228 | D:4      | Noticed Duvessa
  4291 | D:4      | Killed Dowan
  4300 | D:4      | Killed Duvessa
  4301 | D:4      | Reached skill level 9 in Axes
  4301 | D:4      | Reached XP level 7. HP: 41/61 MP: 6/6
  4597 | D:4      | Reached skill level 10 in Axes
  4598 | D:4      | Found a staircase to the Ecumenical Temple.
  4736 | Temple   | Entered the Ecumenical Temple
  5019 | D:5      | Entered Level 5 of the Dungeon
  5019 | D:5      | Found a sand-covered staircase.
  5027 | Ossuary  | Entered an ossuary
  5285 | Ossuary  | Reached **** piety under Trog
  5563 | D:5      | Noticed Blork the orc
  5574 | D:5      | Killed Blork the orc
  5643 | D:5      | Reached XP level 8. HP: 67/68 MP: 7/7
  5672 | D:5      | Reached skill level 11 in Axes
  5672 | D:5      | Reached skill level 1 in Shields
  6529 | D:6      | Found a runed translucent gate.
  6540 | D:6      | Found a runed translucent door.
  6546 | D:6      | Found a runed translucent gate.
  6559 | D:6      | Found the +9 staff of Olgreb {rPois∞}
  6566 | D:6      | Reached skill level 12 in Axes
  6572 | D:6      | Found a runed translucent door.
  6596 | D:6      | Found a white marble altar of Elyvilon.
  6670 | D:6      | Found a glowing silver altar of Zin.
  6745 | D:6      | Found a runed translucent gate.
  7323 | D:7      | Reached XP level 9. HP: 74/74 MP: 8/8
  7359 | D:7      | Reached skill level 13 in Axes
  7463 | D:7      | Found an opulent altar of Gozag.
  7470 | D:7      | Found Cugid's Antique Armour Shop.
  7785 | D:7      | Found Taoqenua's Magic Scroll Shop.
  7793 | D:7      | Bought a scroll of fog for 24 gold pieces
  7793 | D:7      | Bought a scroll of teleportation for 36 gold pieces
  7793 | D:7      | Bought a scroll of identify for 24 gold pieces
  7793 | D:7      | Bought a scroll of holy word for 90 gold pieces
  7793 | D:7      | Bought a scroll of magic mapping for 42 gold pieces
  7793 | D:7      | Bought a scroll of identify for 24 gold pieces
  7793 | D:7      | Bought a scroll of fear for 42 gold pieces
  7794 | D:7      | Identified 2 scrolls of acquirement
  7850 | D:7      | Noticed Harold
  7869 | D:7      | Killed Harold
  7870 | D:7      | Reached skill level 14 in Axes
  7870 | D:7      | Reached skill level 1 in Evocations
  8430 | D:7      | Found Dujevaf's Magic Scroll Boutique.
  8458 | D:7      | Acquired 730 gold pieces
  8459 | D:7      | Acquired a +2 kite shield of protection
  8479 | D:7      | Bought a scroll of acquirement for 728 gold pieces
  8480 | D:7      | Acquired the +6 broad axe of Heb Xoec {venom, rF+ Str+6
                  | Int-3}
  8639 | D:8      | Found a hide-covered altar of Uskayaw.
  8641 | D:8      | Found an ancient bone altar of Kikubaaqudgha.
  8647 | D:8      | Found a stormy altar of Qazlal.
  9367 | D:8      | Found a shimmering blue altar of Sif Muna.
  9474 | D:9      | Noticed a death yak
  9479 | D:9      | Noticed a death yak
  9491 | D:9      | Killed a death yak
  9492 | D:9      | Reached XP level 10. HP: 81/81 MP: 9/9
  9493 | D:9      | Noticed a death yak
  9499 | D:9      | Killed a death yak
  9500 | D:9      | Reached skill level 5 in Throwing
  9500 | D:9      | Reached skill level 5 in Armour
  9513 | D:9      | Killed a death yak
  9852 | D:9      | Found a staircase to the Lair.
 10023 | D:9      | Identified the +5 plate armour of Festooned Liberty
                  | {Rampage Slay+2}
 10029 | D:9      | Noticed an ice statue
 10046 | D:9      | Reached skill level 5 in Evocations
 10608 | D:9      | Found a runed translucent gate.
 10608 | D:9      | Found a runed translucent gate.
 10609 | D:9      | Found a runed translucent gate.
 10611 | D:9      | Found a viscous altar of Jiyva.
 10611 | D:9      | Noticed Sensen's ghost (novice GrEE)
 10722 | D:9      | Found an ornate altar of the Wu Jian Council.
 10984 | D:9      | Killed an ice statue
 11150 | D:9      | Found a shadowy altar of Dithmenos.
 11151 | D:9      | Found a hazy altar of Hepliaklqana.
 11414 | D:3      | Killed Narqulie's ghost
 11607 | D:7      | Bought a scroll of holy word for 90 gold pieces
 11607 | D:7      | Bought a scroll of identify for 24 gold pieces
 11607 | D:7      | Bought a scroll of identify for 24 gold pieces
 11678 | Lair:1   | Entered Level 1 of the Lair of Beasts
 11834 | Lair:1   | Noticed a cane toad
 11835 | Lair:1   | Noticed a black mamba
 11850 | Lair:1   | HP: 4/83 [cane toad (5)]
 11851 | Lair:1   | Mangled by a cane toad

Illustrated notes

Levels and vault maps discovered:
D:1:      wander_arrival_chamber, layout_rooms, due_unseen_surprise
D:2:      layout_loops_ring, serial_shops, nicolae_shop_behind_doors,
          minmay_lizard_pond, uniq_terence
D:3:      minmay_wonky_spiral, layout_loops_corners,
          chequers_ecumenical_altar_simple, gammafunk_ghost_mausoleum,
          uniq_crazy_yiuf_cottage
D:4:      layout_gridville, minmay_temple_entry_offerings, minmay_statues_item,
          uniq_duvessa, uniq_robin
D:5:      layout_loops_ring, nicolae_ossuary_entry_monument, uniq_blork_the_orc
D:6:      layout_basic, nicolae_overflow_crystal_walls, kennysheep_mini,
          hangedman_decor_opposing, minmay_guarded_unrand_staff_of_olgreb
D:7:      layout_basic, lemuel_tele_altar, serial_shops, nicolae_shop_crystal,
          nicolae_shop_trees, nicolae_shop_window_shopping, nrook_campfire,
          corner_web_ring, minmay_misc_feat_pillars, uniq_harold
D:8:      layout_basic, nicolae_sif_muna_little_library,
          grunt_temple_overflow_open, serial_curves, eino_curves_02,
          eino_curves_04
D:9:      layout_long_grid, riverfiend_overflow_shadow_ancestor,
          kennysheep_little_box, dpeg_lair_monsters, gammafunk_ghost_ooze,
          minivault_16, minmay_misc_feat_enclosed
Temple:   compressed_dpeg_triangle_lava_temple
Lair:1:   layout_long_grid, basic_altar, nzn_masters_of_martial_movement,
          lemuel_fruit_tree

Skill      XL: |  1  2  3  4  5  6  7  8  9 10 |
---------------+-------------------------------+-----
Axes           | 4 5 6 7 9 10 12 14 | 14.3
Fighting       | 4 5 6 |  6.2
Shields        | 4 |  4.0
Throwing       | 4 5 |  5.0
Armour         | 4 8 |  8.8
Evocations     | 2 5 |  5.0
Dodging        | |  2.1

Action                   |  1- 3 |  4- 6 |  7- 9 | 10-12 || total
-------------------------+-------+-------+-------+-------++-------
Melee: Hand axe          |    75 |   163 |    22 |       ||   260
       Headbutt          |    16 |    25 |    59 |    25 ||   125
       War axe           |       |       |   232 |       ||   232
       Broad axe         |       |       |    38 |    85 ||   123
Invok: Berserk           |     1 |     3 |     2 |     2 ||     8
       Trog's Hand       |     1 |     4 |     3 |     5 ||    13
       Brothers in Arms  |       |       |     1 |       ||     1
  Use: Scroll            |       |     4 |    16 |     2 ||    22
       Potion            |       |       |       |     3 ||     3
Armor: Animal skin       |     7 |    37 |       |       ||    44
       Leather armour    |       |     6 |       |       ||     6
       Ring mail         |       |       |    78 |    39 ||   117
Dodge: Dodged            |    25 |    75 |    83 |    41 ||   224
Block: Buckler           |       |       |    14 |    18 ||    32

Table legend: (Time is in decaauts)
 A = Elapsed time spent in this place.
 B = Non-inter-level travel time spent in this place.
 C = Inter-level travel time spent in this place.
 D = Time resting spent in this place.
 E = Time spent auto-exploring this place.
 F = Levels seen in this place.
 G = Mean time per level.
                   A        B        C        D        E       F      G
               +--------+--------+--------+--------+--------+-----+--------+
         Total |  11903 |  11191 |    712 |   2076 |   6934 |  12 |  991.9 |
       Dungeon |  10994 |  10305 |    689 |   1948 |   6460 |   9 | 1221.6 |
        Temple |    261 |    238 |     23 |      0 |    237 |   1 |  261.0 |
          Lair |    171 |    171 |      0 |      7 |    107 |   1 |  171.0 |
       Ossuary |    475 |    475 |      0 |    121 |    130 |   1 |  475.0 |
               +--------+--------+--------+--------+--------+-----+--------+

Top non-repeatable levels by time:
     D:9: 1839 daAuts
     D:3: 1574 daAuts
     D:7: 1506 daAuts
     D:4: 1236 daAuts
     D:2: 1103 daAuts
     D:1: 1027 daAuts
     D:8: 997 daAuts
     D:5: 925 daAuts
     D:6: 784 daAuts
 Ossuary: 475 daAuts
  Temple: 261 daAuts
  Lair:1: 171 daAuts
